 Dungeon Crawl Stone Soup version 0.25-a0-67-g7dccc1bee0 (webtiles) character file.

Game seed: 10645876726133363225, levelgen mode: deterministic

817 iamserjio the Ducker (level 7, -3/52 HPs)
             Began as an Octopode Artificer on Nov 1, 2019.
             Shot with an arrow by a centaur (6 damage)
             ... on level 5 of the Dungeon.
             The game lasted 00:04:57 (5121 turns).

iamserjio the Ducker (Octopode Artificer)           Turns: 5121, Time: 00:04:57

Health: -3/52      AC:  2    Str: 12    XL:     7   Next: 94%
Magic:  9/9        EV: 17    Int: 13    God:
Gold:   345        SH:  0    Dex: 14    Spells: 6/6 levels left

rFire    . . .     SeeInvis .   p - +3 short sword
rCold    . . .     Gourm    .   (no shield)
rNeg     . . .     Faith    .   q - +1 hat
rPois    .         Spirit   .   (no amulet)
rElec    .         Reflect  .   (no ring)
rCorr    .         Harm     .   (no ring)
MR       .....                  (no ring)
Stlth    +++.......             (no ring)
HPRegen  0.17/turn              (no ring)
MPRegen  0.11/turn              (no ring)
                                (no ring)
                                (no ring)

@: no status effects
A: almost no armour, stealthy swim, amphibious, 8 rings, constrict 8, camouflage
1, gelatinous body 1
a: no special abilities


You were on level 5 of the Dungeon.
You were not hungry.

You visited 1 branch of the dungeon, and saw 5 of its levels.

You collected 345 gold pieces.

Inventory:

Hand Weapons
 a - a +0 short sword
 p - a +3 short sword (weapon)
 r - a +0 flail of holy wrath
 s - a +0 rapier
 v - a +0 trident
 w - a +0 dagger of freezing
 H - a +3 dire flail of protection
Missiles
 x - 3 boomerangs (quivered)
 F - 2 throwing nets {!f}
Armour
 q - a +1 hat (worn)
Wands
 b - a wand of flame (8)
 c - a wand of enslavement (14)
 d - a wand of random effects (11)
 I - a wand of iceblast (15)
Scrolls
 i - 6 scrolls of identify {unknown}
 n - a scroll of enchant armour {unknown}
 o - 7 scrolls of teleportation {unknown}
 t - a scroll of blinking {unknown}
 u - 2 scrolls of remove curse {unknown}
 y - a scroll of magic mapping {unknown}
 D - a scroll of enchant weapon {unknown}
 E - a scroll of noise {unknown}
Potions
 e - 2 potions of degeneration {unknown}
 g - 2 potions of haste {unknown}
 h - a potion of magic {unknown}
 j - 3 potions of agility {unknown}
 k - 2 potions of ambrosia {unknown}
 l - 2 potions of might {unknown}
 m - a potion of mutation {unknown}
 z - a potion of cancellation {unknown}
 B - a potion of lignification {unknown}
 C - a potion of brilliance {unknown}
Comestibles
 f - 7 rations
 G - a chunk of flesh


   Skills:
 * Level 6.0 Fighting
 - Level 1.0 Short Blades
 * Level 6.3 Dodging
 - Level 1.3 Stealth
 - Level 3.2 Evocations


You had 6 spell levels left.
You didn't know any spells.
Your spell library was empty.

Dungeon Overview and Level Annotations

Branches:
Dungeon (5/15)
 Temple: D:4-7

Altars:
Makhleb
Qazlal
Wu Jian
Xom
Yredelemnul

Shops:
D:4 [


Innate Abilities, Weirdness & Mutations

You cannot wear most types of armour.
You are very stealthy in the water. (Stealth+)
You are amphibious.
You can wear up to eight rings at the same time.
You can use your tentacles to constrict eight enemies at once.
Your skin changes colour to match your surroundings (Stealth+).
Your rubbery body absorbs attacks. (AC +1, EV +1)


Message History

You hit the worker ant but do no damage.
You constrict the worker ant. The worker ant bites you.
* * * LOW HITPOINT WARNING * * *
You puncture the worker ant! You constrict the worker ant.
You feel sick.
The worker ant bites you but does no damage.
The worker ant bites you.
* * * LOW HITPOINT WARNING * * *
You are lethally poisoned!
The worker ant poisons you!
You feel better.
You constrict the worker ant.
You kill the worker ant!
f - 7 rations (gained 1)
A centaur comes into view.
The centaur wields a +0 shortbow.
The centaur shoots an arrow.
The arrow hits you!
* * * LOW HITPOINT WARNING * * *
Found 11 gold pieces.
You see here an arrow.
The centaur shoots an arrow.
The arrow hits you.
You die...

### ..# #.# .## # ...
#.# ...# # .... #.#
...# #### .c...##.#
...# ......
.#....@####...##.#####.
#$......(......$... ##.
##.#............... #..
####............ #.<
#.###.....#.##.#.. ...#
#.#######....> #####
#.#.....###...
##.#.....###.## ###
#.#.'.._..†.#.##


You could see a centaur.

Vanquished Creatures
  Edmund (D:5)
  A sky beast (D:5)
  An ogre (D:4)
  A centaur (D:5)
  A centaur zombie (D:5)
  An orc priest (D:3)
  A hound (D:4)
  An orc wizard (D:4)
  Terence (D:2)
  3 worker ants
  7 adders
  6 gnolls
  3 oozes
  2 worms (D:4)
  2 leopard geckos (D:3)
  9 orcs
  4 giant cockroaches
  5 hobgoblins
  8 jackals
  2 kobolds (D:3)
  2 quokkas
  7 bats
  8 frilled lizards
  A goblin (D:1)
  9 rats
  A spectral orc (D:4)
88 creatures vanquished.

Vanquished Creatures (collateral kills)
  A gnoll (D:4)
1 creature vanquished.

Vanquished Creatures (others)
  A gnoll shaman (D:4)
1 creature vanquished.

Grand Total: 90 creatures vanquished

Notes
Turn   | Place    | Note
-------+----------+-------------------------------------------
     0 | D:1      | iamserjio the Octopode Artificer began the quest for the
                  | Orb.
     0 | D:1      | Reached XP level 1. HP: 13/13 MP: 3/3
   292 | D:1      | Reached XP level 2. HP: 14/18 MP: 4/4
   876 | D:2      | Noticed Terence
   883 | D:2      | Killed Terence
   883 | D:2      | Reached XP level 3. HP: 6/25 MP: 5/5
  1588 | D:3      | Reached XP level 4. HP: 26/30 MP: 6/6
  2691 | D:3      | Reached XP level 5. HP: 24/36 MP: 7/7
  2924 | D:3      | Found a stormy altar of Qazlal.
  3506 | D:4      | Reached XP level 6. HP: 32/43 MP: 8/8
  3977 | D:4      | Found a basalt altar of Yredelemnul.
  4020 | D:4      | Found Hufe's Armour Boutique.
  4080 | D:4      | Reached skill level 5 in Dodging
  4319 | D:4      | Found a shimmering altar of Xom.
  4484 | D:4      | Reached skill level 5 in Fighting
  4484 | D:4      | Reached XP level 7. HP: 25/50 MP: 9/9
  4826 | D:5      | Entered Level 5 of the Dungeon
  4837 | D:5      | Found a burning altar of Makhleb.
  4938 | D:5      | Noticed Edmund
  4990 | D:5      | Killed Edmund
  5093 | D:5      | Found an ornate altar of the Wu Jian Council.
  5120 | D:5      | HP: 2/52 [centaur/arrow (11)]
  5121 | D:5      | Shot with an arrow by a centaur

Levels and vault maps discovered:
D:1:      dpeg_arrival_another_circle, layout_rooms
D:2:      layout_rooms, uniq_terence
D:3:      layout_basic, nicolae_qazlal_eye_of_the_storm, first_ration
D:4:      layout_basic, lemuel_coloured_pillars_altar,
          yredelemnul_forgotten_temple_becter, serial_shops, shop,
          eino_curves_04
D:5:      layout_loops_cross, kennysheep_little_box, old_standard_altar,
          enter_ossuary_1, uniq_grinder, uniq_edmund

Skill      XL: |  1  2  3  4  5  6  7 |
---------------+----------------------+-----
Fighting       | 2 3 4 5 6 |  6.0
Dodging        | 3 4 5 6 |  6.3
Short Blades   | |  1.0
Stealth        | |  1.3
Evocations     | |  3.2

Action                   |  1- 3 |  4- 6 |  7- 9 || total
-------------------------+-------+-------+-------++-------
Melee: Short sword       |    57 |   151 |    37 ||   245
       Constrict         |    11 |    32 |     5 ||    48
       Tentacles         |     4 |    24 |    10 ||    38
Evoke: Wand              |       |     1 |    11 ||    12
  Use: Potion            |       |       |     1 ||     1
 Stab: Sleeping          |     8 |    12 |     2 ||    22
       Distracted        |       |     1 |       ||     1
  Eat: Chunk             |     2 |     9 |     2 ||    13
Armor: Skin              |     7 |    13 |     5 ||    25
Dodge: Dodged            |    48 |    97 |    20 ||   165

Table legend:
 A = Non-vault XP
 B = Vault XP
 C = Vault XP percentage of total XP
 D = Non-vault monster count
 E = Vault monster count
 F = Vault count percentage of total count
                 A         B        C        D         E       F
            +---------+---------+-------+---------+---------+-------
      Total |     967 |     201 |  17.2 |      86 |       3 |   3.4
            +---------+---------+-------+---------+---------+-------
        D:1 |      13 |       0 |   0.0 |      11 |       0 |   0.0
        D:2 |      21 |      36 |  63.2 |       9 |       1 |  10.0
        D:3 |     174 |       0 |   0.0 |      38 |       0 |   0.0
        D:4 |     428 |       1 |   0.2 |      20 |       1 |   4.8
        D:5 |     331 |     164 |  33.1 |       8 |       1 |  11.1
            +---------+---------+-------+---------+---------+-------
